 Dungeon Crawl Stone Soup version 0.19.0-2-gae57169 (webtiles) character file.

2803 nikopol the Cleaver (level 9, -3/120 HPs)
             Began as a Hill Orc Berserker on Nov 5, 2016.
             Was a High Priest of Trog.
             Slain by skk's ghost (10 damage)
             ... on level 8 of the Dungeon.
             The game lasted 00:32:38 (9517 turns).

nikopol the Cleaver (Hill Orc Berserker)            Turns: 9517, Time: 00:32:39

Health: -3/120     AC:  6    Str: 26    XL:     9   Next: 71%
Magic:  9/9        EV: 13    Int:  7    God:    Trog [*****.]
Gold:   348        SH:  0    Dex: 12    Spells: 0 memorised, 8 levels left

rFire  . . .     SeeInvis .     a - +0 war axe
rCold  . . .     Gourm    .     g - +0 ring mail
rNeg   . . .     Faith    .     (no shield)
rPois  .         Spirit   .     (no helmet)
rElec  .         Reflect  .     (no cloak)
rCorr  +         Harm     .     (no gloves)
MR     .....                    (no boots)
Stlth  ..........               (no amulet)
                                x - ring of loudness (curse)
                                r - ring of resist corrosion

@: berserking (expiring), very quick
A: no striking features
a: Berserk, Trog's Hand, Brothers in Arms, Burn Spellbooks, Renounce Religion


You were on level 8 of the Dungeon.
You worshipped Trog.
Trog was extremely pleased with you.
You were hungry.

You visited 1 branch of the dungeon, and saw 8 of its levels.
You also visited: Sewer.

You collected 372 gold pieces.
You spent 24 gold pieces at shops.

Inventory:

Hand Weapons
 a - a +0 war axe (weapon)
 y - a +0 hand axe
 z - a +0 shortbow
Missiles
 m - 38 arrows (quivered)
Armour
 b - a +0 animal skin
 g - a +0 ring mail (worn)
Jewellery
 r - a ring of resist corrosion (left hand)
 x - a cursed ring of loudness (right hand)
 D - an uncursed ring of see invisible {unknown}
Wands
 E - a wand of polymorph (15/24)
 I - a wand of paralysis (18/24)
Scrolls
 e - a scroll of fear {unknown}
 h - a scroll of teleportation {unknown}
 i - 2 scrolls of random uselessness {unknown}
 k - 3 scrolls of remove curse {unknown}
 l - 4 scrolls of noise {unknown}
 n - 3 scrolls of recharging {unknown}
 o - 2 scrolls of enchant armour {unknown}
 q - 4 scrolls of identify
 v - 3 scrolls of blinking {unknown}
 F - a scroll of magic mapping {unknown}
 K - a scroll of immolation {unknown}
 L - a scroll of enchant weapon {unknown}
Potions
 f - 2 potions of berserk rage {unknown}
 p - 3 potions of degeneration {unknown}
 s - 2 potions of haste {unknown}
 t - 2 potions of curing {unknown}
 w - a potion of lignification {unknown}
 A - 2 potions of brilliance {unknown}
 B - a potion of invisibility {unknown}
 G - 2 potions of flight {unknown}
 J - a potion of might {unknown}
Comestibles
 c - 5 bread rations
 d - 3 meat rations
 j - 2 beef jerkies
 u - a slice of pizza
 C - a royal jelly
 H - 2 chunks of flesh


   Skills:
 + Level 7.7 Fighting
 * Level 9.3 Axes
 * Level 5.2 Bows
 + Level 6.2 Armour
 + Level 5.0 Dodging


You had 8 spell levels left.
You didn't know any spells.

Dungeon Overview and Level Annotations

Branches:
Dungeon (8/15)             Temple (0/1) D:7
   Lair: D:8-11

Altars:
Ashenzari
Cheibriados
Dithmenos
Fedhas
Nemelex Xobeh
Ru
Sif Muna
Xom
Yredelemnul
The Shining One

Shops:
D:4 (   D:5 ?   D:6 (   D:7 :

Annotations:
D:8 skk's ghost, novice DDFi


Message History

You slash the scorpion! You closely miss skk's ghost.
Skk's ghost is lightly damaged.
You closely miss the scorpion. The scorpion barely misses you.
Skk's ghost barely misses you.
You are feeling hungry.
You slash skk's ghost!
Skk's ghost is moderately damaged.
You hit the scorpion.
You kill the scorpion!
Trog accepts your kill.
Your Dodging skill increases to level 5!
Skk's ghost hits you.
* * * LOW HITPOINT WARNING * * *
You hit skk's ghost.
Skk's ghost is moderately damaged.
You slash skk's ghost!
Skk's ghost is heavily damaged.
Skk's ghost hits you!
You die...

#.(.........#
........... .
#.(.......#..
#....!......
..(#
#........#
.....#
#.......#
......
#.W((.#
......#
###@.#
.......
##.)###
.......##..##
..........##
.........##
.....#..#
..## ##.#
#.## ###
##.#######.##


You could see skk's ghost.

Vanquished Creatures
  Prince Ribbit (D:5)
  A hippogriff (D:7)
  Sigmund (D:3)
  2 ogres (D:5)
  3 centaurs
  A big kobold (D:7)
  6 bullfrogs
  2 scorpions
  3 wights (D:6)
  A crimson imp (D:8)
  A quasit (D:3)
  2 jellies
  7 orc priests
  A bullfrog skeleton (D:4)
  6 hounds
  2 orc wizards
  3 iguanas
  Natasha (thrice) (D:3)
  4 worker ants
  A hound zombie (D:6)
  A gnoll (D:1)
  14 adders
  8 oozes (Sewer)
  An adder zombie (D:7)
  An adder skeleton (D:5)
  4 worms
  3 dart slugs
  17 leopard geckos
  13 orcs
  11 ball pythons
  5 bats
  14 giant cockroaches
  2 goblins (D:1)
  9 hobgoblins
  3 kobolds
  4 quokkas
  17 frilled lizards
  A leopard gecko zombie (D:6)
  8 rats
187 creatures vanquished.

Notes
Turn   | Place    | Note
-------+----------+-------------------------------------------
     0 | D:1      | nikopol the Hill Orc Berserker began the quest for the Orb.
     0 | D:1      | Reached XP level 1. HP: 19/19 MP: 1/1
   398 | D:1      | Reached XP level 2. HP: 11/27 MP: 2/2
   746 | D:1      | Reached XP level 3. HP: 28/33 MP: 3/3
  1204 | D:2      | Reached ** piety under Trog
  1439 | D:2      | Reached XP level 4. HP: 15/41 MP: 4/4
  1975 | D:3      | Noticed Sigmund
  1999 | D:3      | Killed Sigmund
  1999 | D:3      | Reached skill level 5 in Fighting
  1999 | D:3      | Reached skill level 5 in Axes
  1999 | D:3      | Reached XP level 5. HP: 14/48 MP: 5/5
  1999 | D:3      | Reached XP level 6. HP: 16/56 MP: 6/6
  2394 | D:3      | Noticed Natasha
  2406 | D:3      | Killed Natasha
  3261 | D:3      | Noticed Natasha
  3275 | D:3      | Killed Natasha
  3275 | D:3      | Reached XP level 7. HP: 51/61 MP: 7/7
  3330 | D:3      | Noticed Natasha
  3351 | D:3      | Killed Natasha
  3683 | D:4      | Reached skill level 6 in Axes
  4266 | D:4      | Found Ysholays's Antique Weapon Emporium.
  4304 | D:4      | Reached skill level 1 in Bows
  4559 | D:4      | Reached *** piety under Trog
  5232 | D:4      | Reached XP level 8. HP: 67/70 MP: 8/8
  5529 | D:5      | Entered Level 5 of the Dungeon
  5823 | D:5      | Reached skill level 7 in Axes
  5823 | D:5      | Reached skill level 5 in Armour
  5824 | D:5      | Found a sparkling altar of Nemelex Xobeh.
  5936 | D:5      | Found Xenadif's Magic Scroll Shop.
  5944 | D:5      | Bought a scroll of identify for 24 gold pieces
  5977 | D:5      | Found a glowing drain.
  5981 | Sewer    | Entered a sewer
  6220 | Sewer    | Reached **** piety under Trog
  6679 | D:5      | Found a shimmering altar of Xom.
  6680 | D:5      | Noticed Prince Ribbit
  6694 | D:5      | Killed Prince Ribbit
  6834 | D:5      | Found a snail-covered altar of Cheibriados.
  6840 | D:5      | Found a shadowy altar of Dithmenos.
  6841 | D:5      | Found a deep blue altar of Sif Muna.
  6841 | D:5      | Found a blossoming altar of Fedhas.
  6841 | D:5      | Found a sacrificial altar of Ru.
  6842 | D:5      | Found a basalt altar of Yredelemnul.
  6844 | D:5      | Found a glowing golden altar of the Shining One.
  7170 | D:6      | Reached skill level 8 in Axes
  7233 | D:6      | Found Fapu's Weapon Boutique.
  7296 | D:6      | Reached XP level 9. HP: 62/79 MP: 9/9
  7688 | D:6      | Reached ***** piety under Trog
  8480 | D:7      | Found a staircase to the Ecumenical Temple.
  8490 | D:7      | Found a shattered altar of Ashenzari.
  9029 | D:7      | Reached skill level 9 in Axes
  9066 | D:7      | Found Owomepla's Book Boutique.
  9169 | D:7      | Reached skill level 5 in Bows
  9495 | D:8      | Noticed skk's ghost (novice DDFi)
  9515 | D:8      | Reached skill level 5 in Dodging
  9517 | D:8      | Slain by skk's ghost

Skill      XL: |  1  2  3  4  5  6  7  8  9 |
---------------+----------------------------+-----
Fighting       | 4 5 6 7 |  7.7
Dodging        | 2 3 4 5 |  5.0
Armour         | 3 4 5 6 |  6.2
Axes           | 5 6 8 9 |  9.3
Bows           | 1 3 5 |  5.2

Action                   |  1- 3 |  4- 6 |  7- 9 || total
-------------------------+-------+-------+-------++-------
Melee: Hand axe          |    98 |   101 |    72 ||   271
       War axe           |       |       |   174 ||   174
 Fire: Shortbow          |       |     7 |   261 ||   268
Invok: Berserk           |       |     2 |     5 ||     7
  Eat: Chunk             |     2 |     7 |    24 ||    33
Armor: Animal skin       |     5 |       |       ||     5
       Ring mail         |    20 |    37 |   107 ||   164
Dodge: Dodged            |    73 |    73 |   211 ||   357
